 Dungeon Crawl Stone Soup version 0.29-a0-892-g2c4c91d9db (webtiles) character file.

Game seed: 6724429850679258939

8 mathmaestro the Grave Robber (level 2, 18/20 HPs)
             Began as a Demonspawn Necromancer on July 22, 2022.
             Quit the game on level 1 of the Dungeon.
             The game lasted 00:01:47 (661 turns).

mathmaestro the Grave Robber (DsNe)                  Turns: 661, Time: 00:01:47

Health: 18/20      AC:  3    Str:  8    XL:     2   Next: 0%
Magic:  5/5        EV: 11    Int: 16    God:
Gold:   25         SH:  0    Dex: 13    Spells: 4/5 levels left

rFire   . . .      SeeInvis .   c - +0 club
rCold   . . .      Faith    .   (no shield)
rNeg    . . .      Spirit   .   g - +0 leather armour
rPois   .          Reflect  .   (no helmet)
rElec   .          Harm     .   (no cloak)
rCorr   .          Rampage  .   (no gloves)
Will    .....                   (no boots)
Stlth   ++........              (no amulet)
HPRegen 0.06/turn               (no ring)
MPRegen 0.09/turn               (no ring)

@: no status effects
A: demonic magic 1
a: no special abilities


You were on level 1 of the Dungeon.
You visited 1 branch of the dungeon, and saw 1 of its levels.

You collected 25 gold pieces.

Inventory:

Hand Weapons
 c - a +0 club (weapon)
Armour
 g - a +0 leather armour (worn)
Scrolls
 d - a scroll of blinking {unknown}
 e - a scroll of poison {unknown}
Potions
 b - a potion of magic
 f - a potion of haste


   Skills:
 + Level 0.4 Fighting
 + Level 0.0 Armour
 + Level 1.9 Dodging
 + Level 1.9 Stealth
 + Level 2.1 Spellcasting
 + Level 4.5 Necromancy


You had 4 spell levels left.
You knew the following spells:

 Your Spells              Type           Power      Damage    Failure   Level
a - Necrotise             Necr           64%        1d7       4%          1

Your spell library contained the following spells:

 Spells                   Type           Power      Damage    Failure   Level
 Vampiric Draining        Necr           16%        2d7       14%         3
 Animate Dead             Necr           16%        N/A       43%         4
 Agony                    Necr           16%        N/A       78%         5


Dungeon Overview and Level Annotations

Branches:
Dungeon (1/15)

Altars:


Innate Abilities, Weirdness & Mutations

Spells you cast may paralyse adjacent enemies.


Message History

The endoplasm jiggles.
The endoplasm hits you but does no damage.
The endoplasm attacks as you move away! The endoplasm hits you.
* * * LOW HITPOINT WARNING * * *
The endoplasm attacks as you move away! The endoplasm closely misses you.
The endoplasm jiggles.
It was a potion of haste.
You feel yourself speed up.
The endoplasm hits you but does no damage.
Your magical contamination has completely faded away.
Your extra speed is starting to run out.
You feel yourself slow down.
There is a stone staircase leading down here.
You start resting.
Magic restored.
You start resting.
An endoplasm is nearby!
There is a stone staircase leading down here.
You start resting.
An endoplasm is nearby!
The endoplasm quivers.
There is a stone staircase leading down here.
Casting: Necrotise (safe; 4% risk of failure)
Confirm with . or Enter, or press ? or * to list all spells.
Aiming: Necrotise (safe; 4% risk of failure)
Press: ? - help, Shift-Dir - straight line, f/p - endoplasm
Aim: an endoplasm (chance to affect: 86%)
The endoplasm writhes in agony.
Casting: Necrotise (safe; 4% risk of failure)
Confirm with . or Enter, or press ? or * to list all spells.
Aiming: Necrotise (safe; 4% risk of failure)
Press: ? - help, Shift-Dir - straight line, f/p - endoplasm
Aim: an endoplasm (moderately wounded, chance to affect: 86%)
The endoplasm writhes in agony!
You kill the endoplasm!
You have reached level 2!
Your demonic ancestry asserts itself...
A menacing aura infuses your magic.
You start resting.
Magic restored.
Are you sure you want to abandon this character and quit the game? (Confirm with "yes".)

######## #......#
#......# #......#
#......################
#......................
#......################
#......# #......#
#.....@## ####....J.#
#####..)# ##....#.#.#.
###.# #..##..#.#.#
........####.##..#.#.#(
######..........#.#.#<#
###..###.####.#.#.
##..........#.#.#
#....J####.#.#.#.
###...#.# #..#.#.#


There were no monsters in sight!

Vanquished Creatures
  2 endoplasms (D:1)
  2 giant cockroaches (D:1)
  A goblin (D:1)
  A bat (D:1)
  A kobold (D:1)
7 creatures vanquished.

Notes
Turn   | Place    | Note
-------+----------+-------------------------------------------
     0 | D:1      | mathmaestro the Demonspawn Necromancer began the quest for
                  | the Orb.
     0 | D:1      | Reached XP level 1. HP: 13/13 MP: 3/3
   375 | D:1      | Found a faded altar of an unknown god.
   618 | D:1      | Gained mutation: Spells you cast may paralyse adjacent
                  | enemies. [demonic ancestry]
   618 | D:1      | Reached XP level 2. HP: 16/20 MP: 1/5
   661 | D:1      | Quit the game

Illustrated notes

Levels and vault maps discovered:
D:1:      lightli_arrival_chessboard, layout_rooms, ebering_ecumenical_altar_box

Action                   || total
-------------------------++-------
Melee: Unarmed           ||     5
       Club              ||     3
 Cast: Necrotise         ||    13
  Use: Potion            ||     1
Armor: Leather armour    ||     4
       Robe              ||     1
Dodge: Dodged            ||     7

Table legend: (Time is in decaauts)
 A = Elapsed time spent in this place.
 B = Non-inter-level travel time spent in this place.
 C = Inter-level travel time spent in this place.
 D = Time resting spent in this place.
 E = Time spent auto-exploring this place.
 F = Levels seen in this place.
 G = Mean time per level.
                   A        B        C        D        E       F      G
               +--------+--------+--------+--------+--------+-----+--------+
         Total |    648 |    648 |      0 |    416 |     78 |   1 |  648.0 |
       Dungeon |    648 |    648 |      0 |    416 |     78 |   1 |  648.0 |
               +--------+--------+--------+--------+--------+-----+--------+

Top non-repeatable levels by time:
     D:1: 648 daAuts
